EVO
UNIVERSITY OF NORTH CAROLINA AT CHAPEL HILL TAR HEELS @ UNIVERSITY OF TORONTO MARLIES
10/13/2044
 
TOP OF THE 1ST
University of North Carolina at Chapel Hill Tar Heels batting - Pitching for University of Toronto Marlies : RHP Tom Moore
Pitching: RHP Tom Moore
Batting: RHB David McDonald 0-0: Ball
1-0: Fly out, F7 (Flyball, 7S, EV 70.6 MPH)
Batting: RHB Aaron Stout 0-0: Ball
1-0: Foul Ball, location: 2F
1-1: Ball
2-1: Ball
3-1: Base on Balls
Batting: LHB Jason Raker 0-0: Ball
1-0: Ball
2-0: Ball
3-0: Called Strike
3-1: Fielders Choice at 2nd, 1-6 (Groundball, 13S, EV 75.6 MPH)
Batting: RHB George Boivin 0-0: Foul Ball, location: 2F
0-1: Ball
1-1: Called Strike
1-2: Ball
2-2: Foul Ball, location: 2F
2-2: Ball
3-2: Foul Ball, location: 2F
3-2: Strikes out looking
Top of the 1st over - 0 runs, 0 hits, 0 errors, 1 left on base; University of North Carolina at Chapel Hill 0 - University of Toronto 0
BOTTOM OF THE 1ST
University of Toronto Marlies batting - Pitching for University of North Carolina at Chapel Hill Tar Heels : LHP Bahrom Mohammad
Pitching: LHP Bahrom Mohammad
Batting: RHB Rich Thurman 0-0: Ball
1-0: Foul Ball, location: 2F
1-1: Swinging Strike
1-2: Ball
2-2: Ball
3-2: Foul Ball, location: 2F
3-2: Foul Ball, location: 2F
3-2: Base on Balls
Batting: LHB Jonathan Roman 0-0: Swinging Strike
0-1: Foul Ball, location: 2F
0-2: Ball
1-2: Foul Ball, location: 2F
1-2: Ball
2-2: Fly out, F8 (Flyball, 8RM, EV 88.1 MPH)
Batting: RHB Elijah Hunter 0-0: Foul Ball, location: 2F
0-1: Fly out, F9 (Flyball, BS8, EV 104.4 MPH)
Batting: RHB Masaru Konno 0-0: Ball
1-0: Swinging Strike
1-1: Ball
2-1: Foul Ball, location: 2F
2-2: Strikes out swinging
Bottom of the 1st over - 0 runs, 0 hits, 0 errors, 1 left on base; University of North Carolina at Chapel Hill 0 - University of Toronto 0
TOP OF THE 2ND
University of North Carolina at Chapel Hill Tar Heels batting - Pitching for University of Toronto Marlies : RHP Tom Moore
Batting: RHB Chris Skaff 0-0: Ball
1-0: Foul Ball, location: 2F
1-1: Foul Ball, location: 2F
1-2: SINGLE (Groundball, 6MD, EV 95.0 MPH)
Batting: RHB Sam Daw 0-0: Swinging Strike
0-1: Fly out, F2 (Popup, 23F, EV 81.9 MPH)
Batting: RHB Jonathan Livingston 0-0: Called Strike
0-1: Ball
1-1: Called Strike
1-2: SINGLE (Groundball, 4, EV 106.3 MPH)
Chris Skaff to second
Batting: RHB Travis Robinson 0-0: Ball
1-0: SINGLE (Groundball, 6MD, EV 97.5 MPH)
Chris Skaff to third
Jonathan Livingston to second
Batting: RHB Norm Wood 0-0: Ball
1-0: Fielders Choice at 2nd, 5-4 (Groundball, 56S, EV 77.5 MPH)
Chris Skaff scores
Jonathan Livingston to third
Batting: RHB David McDonald 0-0: Called Strike
0-1: Ball
1-1: Called Strike
1-2: Strikes out looking
Top of the 2nd over - 1 run, 3 hits, 0 errors, 2 left on base; University of North Carolina at Chapel Hill 1 - University of Toronto 0
BOTTOM OF THE 2ND
University of Toronto Marlies batting - Pitching for University of North Carolina at Chapel Hill Tar Heels : LHP Bahrom Mohammad
Batting: LHB Jonathon Walton 0-0: SOLO HOME RUN (Flyball, 9D, EV 96.9 MPH), Distance : 367 ft
Batting: RHB Nate Henderson 0-0: Ball
1-0: Ball
2-0: Foul Ball, location: 2F
2-1: Ground out 4-3 (Groundball, 34, EV 105.0 MPH)
Batting: RHB Jose Argueta 0-0: Fly out, F6 (Popup, 6S, EV 76.3 MPH)
Batting: LHB Marshall Daul 0-0: Called Strike
0-1: Called Strike
0-2: Ball
1-2: Ball
2-2: Strikes out looking
Bottom of the 2nd over - 1 run, 1 hit, 0 errors, 0 left on base; University of North Carolina at Chapel Hill 1 - University of Toronto 1
TOP OF THE 3RD
University of North Carolina at Chapel Hill Tar Heels batting - Pitching for University of Toronto Marlies : RHP Tom Moore
Batting: RHB Aaron Stout 0-0: Foul Ball, location: 2F
0-1: Ball
1-1: Foul Ball, location: 2F
1-2: Ball
2-2: Ball
3-2: Base on Balls
Batting: LHB Jason Raker 0-0: Ball
Wild Pitch!
Aaron Stout to second
1-0: Called Strike
1-1: Ball
2-1: Fly out, F3 (Line Drive, 3, EV 73.8 MPH)
Batting: RHB George Boivin 0-0: Ball
1-0: Ball
2-0: Ball
3-0: Base on Balls
Batting: RHB Chris Skaff 0-0: Called Strike
0-1: Foul Ball, location: 2F
0-2: Ball
1-2: Strikes out swinging
Batting: RHB Sam Daw 0-0: Foul Ball, location: 2F
0-1: Called Strike
0-2: Ball
1-2: Ball
2-2: Foul Ball, location: 2F
2-2: Foul Ball, location: 2F
2-2: DOUBLE (Flyball, 8RXD, EV 108.1 MPH)
Aaron Stout scores
George Boivin to third
Batting: RHB Jonathan Livingston 0-0: Ball
1-0: Called Strike
1-1: Ball
2-1: Foul Ball, location: 2F
2-2: Ball
3-2: Base on Balls
Batting: RHB Travis Robinson 0-0: Ball
1-0: Ground out 5-3 (Groundball, 56S, EV 83.8 MPH)
Top of the 3rd over - 1 run, 1 hit, 0 errors, 3 left on base; University of North Carolina at Chapel Hill 2 - University of Toronto 1
BOTTOM OF THE 3RD
University of Toronto Marlies batting - Pitching for University of North Carolina at Chapel Hill Tar Heels : LHP Bahrom Mohammad
Batting: LHB Chris Williams 0-0: Ball
1-0: Called Strike
1-1: Called Strike
1-2: Foul Ball, location: 2F
1-2: Ground out 5-3 (Groundball, 56, EV 106.9 MPH)
Batting: RHB Rich Thurman 0-0: Foul Ball, location: 2F
0-1: Ball
1-1: Ground out 3-1 (Groundball, 34, EV 108.8 MPH)
Batting: LHB Jonathan Roman 0-0: Called Strike
0-1: DOUBLE (Flyball, 7LD, EV 113.1 MPH)
Batting: RHB Elijah Hunter 0-0: Ball
1-0: Foul Ball, location: 2F
1-1: Ball
2-1: Fly out, F9 (Flyball, 89XD, EV 92.5 MPH)
Bottom of the 3rd over - 0 runs, 1 hit, 0 errors, 1 left on base; University of North Carolina at Chapel Hill 2 - University of Toronto 1
TOP OF THE 4TH
University of North Carolina at Chapel Hill Tar Heels batting - Pitching for University of Toronto Marlies : RHP Tom Moore
Batting: RHB Norm Wood 0-0: Ball
1-0: Foul Ball, location: 2F
1-1: Foul Ball, location: 2F
1-2: Ball
2-2: Strikes out looking
Pitching: RHP Leon Benitez
Batting: RHB David McDonald 0-0: Swinging Strike
0-1: SINGLE (Flyball, 8LS, EV 84.4 MPH)
Batting: RHB Aaron Stout 0-0: Ball
1-0: SINGLE (Line Drive, 8RS, EV 92.5 MPH)
David McDonald to second
Batting: LHB Jason Raker 0-0: Ball
David McDonald is caught stealing 3rd base 2-5
1-0: Foul Ball, location: 2F
1-1: Fly out, F7 (Line Drive, 7, EV 97.5 MPH)
Top of the 4th over - 0 runs, 2 hits, 0 errors, 1 left on base; University of North Carolina at Chapel Hill 2 - University of Toronto 1
BOTTOM OF THE 4TH
University of Toronto Marlies batting - Pitching for University of North Carolina at Chapel Hill Tar Heels : LHP Bahrom Mohammad
Batting: RHB Masaru Konno 0-0: Ball
1-0: Ball
2-0: Swinging Strike
2-1: Called Strike
2-2: Fly out, F8 (Flyball, 8RM, EV 89.4 MPH)
Batting: LHB Jonathon Walton 0-0: Foul Ball, location: 2F
0-1: Foul Ball, location: 2F
0-2: Ground out U3 (Groundball, 3, EV 83.1 MPH)
Batting: RHB Nate Henderson 0-0: Ball
1-0: Swinging Strike
1-1: Ball
2-1: Ground out 6-3 (Groundball, 6, EV 109.4 MPH)
Bottom of the 4th over - 0 runs, 0 hits, 0 errors, 0 left on base; University of North Carolina at Chapel Hill 2 - University of Toronto 1
TOP OF THE 5TH
University of North Carolina at Chapel Hill Tar Heels batting - Pitching for University of Toronto Marlies : RHP Leon Benitez
Batting: RHB George Boivin 0-0: Ball
1-0: SINGLE (Line Drive, 9LS, EV 91.9 MPH)
Batting: RHB Chris Skaff 0-0: Called Strike
0-1: Grounds into double play, 4-6-3 (Groundball, 4, EV 87.5 MPH)
Batting: RHB Sam Daw 0-0: Called Strike
0-1: Ball
1-1: Foul Ball, location: 2F
1-2: Foul Ball, location: 2F
1-2: Ball
2-2: Strikes out swinging
Top of the 5th over - 0 runs, 1 hit, 0 errors, 0 left on base; University of North Carolina at Chapel Hill 2 - University of Toronto 1
BOTTOM OF THE 5TH
University of Toronto Marlies batting - Pitching for University of North Carolina at Chapel Hill Tar Heels : LHP Bahrom Mohammad
Batting: RHB Jose Argueta 0-0: Called Strike
0-1: Ball
1-1: Called Strike
1-2: Strikes out swinging
Batting: LHB Marshall Daul 0-0: Foul Ball, location: 2F
0-1: Ball
1-1: Foul Ball, location: 2F
1-2: Foul Ball, location: 2F
1-2: Foul Ball, location: 2F
1-2: Foul Ball, location: 2F
1-2: Ball
2-2: DOUBLE (Line Drive, 78D, EV 109.4 MPH)
Batting: LHB Chris Williams 0-0: Ball
1-0: Called Strike
1-1: Ball
2-1: Ball
3-1: Base on Balls
Pitching: RHP Alfonso Mier
Batting: RHB Rich Thurman 0-0: Ball
1-0: Ball
2-0: Swinging Strike
2-1: Ball
3-1: Base on Balls
Marshall Daul to third
Chris Williams to second
Batting: LHB Jonathan Roman 0-0: Ball
1-0: Ball
2-0: Called Strike
2-1: Called Strike
2-2: Ball
3-2: Strikes out swinging
Batting: RHB Elijah Hunter 0-0: Foul Ball, location: 2F
0-1: Swinging Strike
0-2: Strikes out looking
Bottom of the 5th over - 0 runs, 1 hit, 0 errors, 3 left on base; University of North Carolina at Chapel Hill 2 - University of Toronto 1
TOP OF THE 6TH
University of North Carolina at Chapel Hill Tar Heels batting - Pitching for University of Toronto Marlies : RHP Leon Benitez
Batting: RHB Jonathan Livingston 0-0: Foul Ball, location: 2F
0-1: Ground out 4-3 (Groundball, 34, EV 87.5 MPH)
Batting: RHB Travis Robinson 0-0: Called Strike
0-1: Foul Ball, location: 2F
0-2: Ball
1-2: Strikes out swinging
Batting: RHB Norm Wood 0-0: Called Strike
0-1: Ball
1-1: Swinging Strike
1-2: Ball
2-2: Foul Ball, location: 2F
2-2: Ball
3-2: Ground out 6-3 (Groundball, 6, EV 99.4 MPH)
Top of the 6th over - 0 runs, 0 hits, 0 errors, 0 left on base; University of North Carolina at Chapel Hill 2 - University of Toronto 1
BOTTOM OF THE 6TH
University of Toronto Marlies batting - Pitching for University of North Carolina at Chapel Hill Tar Heels : RHP Alfonso Mier
Batting: RHB Masaru Konno 0-0: Ball
1-0: Ball
2-0: Called Strike
2-1: Foul Ball, location: 2F
2-2: Foul Ball, location: 2F
2-2: SOLO HOME RUN (Flyball, 7LD, EV 96.3 MPH), Distance : 360 ft
Batting: LHB Jonathon Walton 0-0: Swinging Strike
0-1: Ball
1-1: Ball
2-1: Ball
3-1: Base on Balls
Batting: RHB Nate Henderson 0-0: Ball
1-0: Ball
2-0: Ball
3-0: Base on Balls
Jonathon Walton to second
Batting: RHB Jose Argueta 0-0: Ball
1-0: Foul Ball, location: 2F
1-1: Ball
2-1: Ball
3-1: Grounds into double play, 6-4-3 (Groundball, 6M, EV 104.4 MPH)
Jonathon Walton to third
Pitching: RHP Michael Bastian
Batting: LHB Marshall Daul 0-0: Ball
1-0: Ball
2-0: Ball
3-0: Base on Balls
Batting: LHB Chris Williams 0-0: Ball
1-0: Called Strike
1-1: Ball
Wild Pitch!
Jonathon Walton scores
Marshall Daul to second
2-1: Foul Ball, location: 2F
2-2: Foul Ball, location: 2F
2-2: TRIPLE (Flyball, 89XD, EV 90.6 MPH)
Marshall Daul scores
Batting: RHB Rich Thurman 0-0: Ball
1-0: Ball
2-0: Ball
3-0: Called Strike
3-1: Called Strike
3-2: Ground out 2-3 (Groundball, 15S, EV 75.0 MPH)
Bottom of the 6th over - 3 runs, 2 hits, 0 errors, 1 left on base; University of North Carolina at Chapel Hill 2 - University of Toronto 4
TOP OF THE 7TH
University of North Carolina at Chapel Hill Tar Heels batting - Pitching for University of Toronto Marlies : RHP Leon Benitez
Batting: RHB David McDonald 0-0: Fly out, F7 (Flyball, 78D, EV 96.3 MPH)
Batting: RHB Aaron Stout 0-0: SOLO HOME RUN (Flyball, 7D, EV 96.3 MPH), Distance : 373 ft
Batting: LHB Jason Raker 0-0: Fly out, F7 (Flyball, 78S, EV 90.6 MPH)
Batting: RHB George Boivin 0-0: Called Strike
0-1: Ball
1-1: Swinging Strike
1-2: Ball
2-2: Ball
3-2: Base on Balls
Batting: RHB Chris Skaff 0-0: Ball
1-0: Ball
2-0: Called Strike
2-1: Fly out, F4 (Popup, 4MD, EV 63.8 MPH)
Top of the 7th over - 1 run, 1 hit, 0 errors, 1 left on base; University of North Carolina at Chapel Hill 3 - University of Toronto 4
BOTTOM OF THE 7TH
University of Toronto Marlies batting - Pitching for University of North Carolina at Chapel Hill Tar Heels : RHP Michael Bastian
Batting: LHB Jonathan Roman 0-0: Ball
1-0: Ball
2-0: Called Strike
2-1: Foul Ball, location: 2F
2-2: SINGLE (Line Drive, 7S, EV 85.6 MPH)
Batting: RHB Elijah Hunter 0-0: Ball
1-0: Called Strike
1-1: Ball
2-1: Swinging Strike
2-2: 2-RUN HOME RUN (Flyball, 7LD, EV 90.6 MPH), Distance : 355 ft
Pitching: LHP Jason Haas
Batting: RHB Masaru Konno 0-0: Ball
1-0: Ball
2-0: Ball
3-0: Base on Balls
Batting: LHB Jonathon Walton 0-0: Grounds into double play, 4-6-3 (Groundball, 34D, EV 87.5 MPH)
Batting: RHB Nate Henderson 0-0: Ball
1-0: Ball
2-0: Foul Ball, location: 2F
2-1: Foul Ball, location: 2F
2-2: Foul Ball, location: 2F
2-2: Foul Ball, location: 2F
2-2: Ball
3-2: Foul Ball, location: 2F
3-2: DOUBLE (Line Drive, 9LM, EV 108.1 MPH)
Batting: RHB Jose Argueta 0-0: Ball
1-0: Foul Ball, location: 2F
1-1: Fly out, F7 (Line Drive, 7D, EV 92.5 MPH)
Bottom of the 7th over - 2 runs, 3 hits, 0 errors, 1 left on base; University of North Carolina at Chapel Hill 3 - University of Toronto 6
TOP OF THE 8TH
University of North Carolina at Chapel Hill Tar Heels batting - Pitching for University of Toronto Marlies : RHP Leon Benitez
Pitching: RHP Dicky Goedhart
Batting: RHB Sam Daw 0-0: Ball
1-0: Foul Ball, location: 2F
1-1: Swinging Strike
1-2: Strikes out swinging
Batting: RHB Jonathan Livingston 0-0: Ground out 5-3 (Groundball, 56, EV 95.6 MPH)
Batting: RHB Travis Robinson 0-0: Ball
1-0: Fly out, F9 (Flyball, 89M, EV 83.8 MPH)
Top of the 8th over - 0 runs, 0 hits, 0 errors, 0 left on base; University of North Carolina at Chapel Hill 3 - University of Toronto 6
BOTTOM OF THE 8TH
University of Toronto Marlies batting - Pitching for University of North Carolina at Chapel Hill Tar Heels : LHP Jason Haas
Batting: LHB Marshall Daul 0-0: Called Strike
0-1: Foul Ball, location: 2F
0-2: Ball
1-2: Foul Ball, location: 2F
1-2: Foul Ball, location: 2F
1-2: Strikes out swinging
Batting: LHB Chris Williams 0-0: Ball
1-0: Fly out, F7 (Flyball, 78S, EV 86.9 MPH)
Batting: RHB Rich Thurman 0-0: Called Strike
0-1: Swinging Strike
0-2: Strikes out swinging
Bottom of the 8th over - 0 runs, 0 hits, 0 errors, 0 left on base; University of North Carolina at Chapel Hill 3 - University of Toronto 6
TOP OF THE 9TH
University of North Carolina at Chapel Hill Tar Heels batting - Pitching for University of Toronto Marlies : RHP Dicky Goedhart
Pitching: RHP Edwin Martinez
Pinch Hitting: LHB Edgar Ortiz 0-0: Ball
1-0: Ball
2-0: Foul Ball, location: 2F
2-1: Ball
3-1: Called Strike
3-2: Strikes out swinging
Batting: RHB David McDonald 0-0: Ball
1-0: Ball
2-0: Ball
3-0: Base on Balls
Batting: RHB Aaron Stout 0-0: Foul Ball, location: 2F
0-1: Called Strike
0-2: Ball
1-2: Foul Ball, location: 2F
1-2: Strikes out swinging
Batting: LHB Jason Raker 0-0: Ground out 4-3 (Groundball, 34, EV 106.9 MPH)
Top of the 9th over - 0 runs, 0 hits, 0 errors, 1 left on base; University of North Carolina at Chapel Hill 3 - University of Toronto 6
Thursday, March 31st , 2022 - OOTP Baseball 22.12 Build 89